AoeStats
← 季夏

Arabia

510007842Analyzed
1v1 RM · 2d ago on Sep 29, 2026· 47m 45s· 2 players
Game mode
Random Map
Map size
Tiny (2 player)
Population
200
Speed
Normal
Resources
Standard
Victory
Conquest
Starting age
Dark Age
Ending age
Imperial Age
RankedLock teamsTeams togetherTeam positionsShared explorationLock speedFull tech treeHidden civsTurbo modeCheats
Victory
Defeat
🇦🇷 Goths · Argentina
971
+15
🇨🇳 Malians · China
951
-15
季夏
6:12 Loom
9:37 Feudal Age
10:15 Double-Bit Axe
25:11 Castle Age
24:16 Scale Mail Armor
25:21 Pikeman
26:54 Forging
32:05 Wheelbarrow
31:33 Gold Mining
34:35 Iron Casting
37:54 Gold Shaft Mining
37:12 Stone Mining
38:17 Chain Mail Armor
39:20 Ballistics
40:08 Murder Holes
44:12 Imperial Age
43:25 Bow Saw
45:20 Conscription
chifi
8:16 Loom
10:02 Feudal Age
10:25 Man-at-Arms
13:47 Double-Bit Axe
21:10 Castle Age
21:12 Fletching
26:24 Scale Barding Armor
30:38 Anarchy
30:51 Squires
31:21 Forging
32:58 Bodkin Arrow
32:43 Elite Skirmisher
39:57 Imperial Age
38:26 Gold Mining
41:40 Wheelbarrow
40:53 Town Watch
41:27 Bracer
42:32 Chemistry
42:27 Conscription
43:51 Bow Saw
43:27 Horse Collar
Connection lost

Rejoining the realm…

Still unreachable

The connection could not be restored.

Session expired

The server has moved on; the page needs a fresh start.